 Dungeon Crawl Stone Soup version 0.22-a0-362-g535178c (webtiles) character file.

21 dstrtnsr the Chiller (level 2, -3/20 HPs)
             Began as a Gnoll Ice Elementalist on Apr 22, 2018.
             Slain by a goblin (4 damage)
             ... led by Robin
             ... on level 1 of the Dungeon.
             The game lasted 00:01:47 (269 turns).

dstrtnsr the Chiller (Gnoll Ice Elementalist)        Turns: 269, Time: 00:01:48

Health: -3/20      AC:  2    Str: 10    XL:     2   Next: 87%
Magic:  6/7        EV: 14    Int: 17    God:
Gold:   20         SH:  0    Dex: 15    Spells: 9/10 levels left

rFire    . . .     SeeInvis .   b - +0 whip
rCold    . . .     Gourm    .   (no shield)
rNeg     . . .     Faith    .   a - +0 robe
rPois    .         Spirit   .   (no helmet)
rElec    .         Reflect  .   (no cloak)
rCorr    .         Harm     .   (no gloves)
MR       .....                  (no boots)
Stlth    +++.......             (no amulet)
HPRegen  0.06/turn              (no ring)
MPRegen  0.10/turn              (no ring)

@: no status effects
A: distributed training, fangs 1, strong nose
a: no special abilities


You were on level 1 of the Dungeon.
You were not hungry.

You visited 1 branch of the dungeon, and saw 2 of its levels.

You collected 20 gold pieces.

Inventory:

Hand Weapons
 b - a +0 whip (weapon)
Armour
 a - a +0 robe (worn)
Scrolls
 e - 2 scrolls of remove curse {unknown}
Comestibles
 c - a ration {!d}
 d - a chunk of flesh


   Skills:
 + Level 0.5 Fighting
 + Level 0.5 Short Blades
 + Level 0.5 Long Blades
 + Level 0.5 Axes
 + Level 0.5 Maces & Flails
 + Level 0.5 Polearms
 + Level 0.5 Staves
 + Level 0.5 Slings
 + Level 0.5 Bows
 + Level 0.5 Crossbows
 + Level 0.5 Throwing
 + Level 0.5 Armour
 + Level 4.5 Dodging
 + Level 4.1 Stealth
 + Level 0.5 Shields
 + Level 0.5 Unarmed Combat
 + Level 4.9 Spellcasting
 + Level 2.0 Conjurations
 + Level 0.3 Hexes
 + Level 0.3 Charms
 + Level 0.3 Summonings
 + Level 0.3 Necromancy
 + Level 0.3 Translocations
 + Level 0.3 Transmutations
 + Level 0.3 Fire Magic
 + Level 5.3 Ice Magic
 + Level 0.3 Air Magic
 + Level 0.3 Earth Magic
 + Level 0.3 Poison Magic
 + Level 0.6 Invocations
 + Level 0.5 Evocations


You had 9 spell levels left.
You knew the following spells:

 Your Spells              Type           Power        Failure   Level  Hunger
a - Freeze                Ice            ###.         1%          1    None


Dungeon Overview and Level Annotations

Branches:
Dungeon (2/15)

Altars:

Annotations:
D:2 Robin


Innate Abilities, Weirdness & Mutations

Your experience applies equally to all skills.
You have very sharp teeth.
Your uncanny sense of smell can sniff out nearby items.


Message History

Aiming: Freeze (safe; 1% risk of failure)
Press: ? - help, Shift-Dir - straight line, f/p - hobgoblin
Aim: a hobgoblin (almost dead)
You freeze the hobgoblin.
You kill the hobgoblin!
The jackal barely misses you.
Casting: Freeze (safe; 1% risk of failure)
Confirm with . or Enter, or press ? or * to list all spells.
Aiming: Freeze (safe; 1% risk of failure)
Press: ? - help, Shift-Dir - straight line, f - jackal
Aim: a jackal You freeze the jackal.
You kill the jackal!
A goblin comes into view. It is wielding a dagger.
Unknown command.
Unknown command.
The goblin shouts!
Unknown command.
Casting: Freeze (safe; 1% risk of failure)
Confirm with . or Enter, or press ? or * to list all spells.
Aiming: Freeze (safe; 1% risk of failure)
Press: ? - help, Shift-Dir - straight line, f - goblin
Aim: a goblin, wielding a dagger You freeze the goblin.
The goblin is heavily wounded.
The goblin hits you but does no damage.
Casting: Freeze (safe; 1% risk of failure)
Confirm with . or Enter, or press ? or * to list all spells.
Aiming: Freeze (safe; 1% risk of failure)
Press: ? - help, Shift-Dir - straight line, f/p - goblin
Aim: a goblin, wielding a dagger (heavily wounded)
You freeze the goblin.
You kill the goblin!
A kobold comes into view. It is wielding a dagger.
The kobold shouts!
The kobold throws a stone.
The stone closely misses you.
You see here a stone.
The kobold throws a stone.
The stone hits you but does no damage.
You see here a stone.
The kobold throws a stone.
The stone barely misses you.
Unknown command.
Casting: Freeze (safe; 1% risk of failure)
Confirm with . or Enter, or press ? or * to list all spells.
Aiming: Freeze (safe; 1% risk of failure)
Press: ? - help, Shift-Dir - straight line, f - kobold
Aim: a kobold, wielding a dagger You freeze the kobold.
You kill the kobold!
There is an escape hatch in the floor here.
You slide downwards.
The hatch slams shut behind you.
A rat, 10 goblins, Robin and a dart slug come into view.
The hobgoblin shouts!
The goblin shouts! x4; The hobgoblin shouts!
The goblin shouts!
The goblin hits you with a dagger. The hobgoblin barely misses you.
The hobgoblin shouts!
Robin shouts!
The goblin shouts!
Found a scroll labeled YNYEMI HAONN and a fuming pink potion.
Found a stone staircase leading up.
Damage: -10%(-2hp) hp: 70%(14hp) Unknown command.
Unknown command.
Casting: Freeze (safe; 1% risk of failure)
Confirm with . or Enter, or press ? or * to list all spells.
Aiming: Freeze (safe; 1% risk of failure)
Press: ? - help, Shift-Dir - straight line, f - rat
Aim: a rat You freeze the rat.
You kill the rat!
The goblin barely misses you. The goblin completely misses you.
The hobgoblin barely misses you. The goblin hits you with a dagger.
Robin roars a battlecry!
The goblins go into a battle-frenzy!
You hear a shout!
There is a stone staircase leading up, spattered with blood here.
You see here a rat corpse.
Damage: -5%(-1hp) hp: 65%(13hp) Unknown command.
The goblin hits you.
* * * LOW HITPOINT WARNING * * *
The dart slug launches a dart at you. The slug dart hits you!
* * * LOW HITPOINT WARNING * * *
The goblin closely misses you. The goblin barely misses you.
Robin throws the goblin at you!
* * * LOW HITPOINT WARNING * * *
You climb upwards.
A frilled lizard comes into view.
Found 5 gold pieces and a metallic emerald potion.
There is a stone staircase leading down here.
Huge Dmg: -40%(-8hp) hp: 25%(5hp)
A kobold comes into view. It is wielding a short sword.
The goblin barely misses you.
Found 24 arrows.
Unknown command.
The goblin hits you.
* * * LOW HITPOINT WARNING * * *
You see here 5 gold pieces.
Huge Dmg: -20%(-4hp) hp: 5%(1hp)
The goblin hits you.
You die...

.##.)# ...............# #....
.....###...............##.####...
.............l......>......# ####
......................###### ####
.(.(..##...######.........# ##...
##.........# #..$.####K# #....
#....(....# ###g..### #..##
#.........#####.gg....# #..##
##.........#....@......# #....
...........#.....!.....# ##...
...........#...........# ####
...........##..........#
................###..###
.................. .... #######
................. ..######.....#
..............#......#.......##.#
..............#......#.....†)##.#


You could see 3 goblins.

Vanquished Creatures
  A giant cockroach (D:1)
  4 goblins (D:1)
  2 hobgoblins (D:1)
  2 jackals
  3 kobolds (D:1)
  3 bats (D:1)
  2 rats
17 creatures vanquished.

Notes
Turn   | Place    | Note
-------+----------+-------------------------------------------
     0 | D:1      | dstrtnsr the Gnoll Ice Elementalist began the quest for the Orb.
     0 | D:1      | Reached XP level 1. HP: 13/13 MP: 6/6
    87 | D:1      | Reached XP level 2. HP: 19/19 MP: 2/7
   259 | D:2      | Noticed Robin
   262 | D:2      | HP: 8/20 [goblin[Robin] (5)]
   266 | D:1      | HP: 1/20 [goblin[Robin] (4)]
   269 | D:1      | Slain by a goblin

Vault maps used:
D:1:      minmay_arrival_wavy_path, patterned_corridor
D:2:      uniq_robin

Skill      XL: |  1 |
---------------+----+-----
Conjurations   | 2 |  2.0
Fighting       | |  0.5
Short Blades   | |  0.5
Long Blades    | |  0.5
Axes           | |  0.5
Maces & Flails | |  0.5
Polearms       | |  0.5
Staves         | |  0.5
Slings         | |  0.5
Bows           | |  0.5
Crossbows      | |  0.5
Throwing       | |  0.5
Armour         | |  0.5
Dodging        | |  4.5
Stealth        | |  4.1
Shields        | |  0.5
Unarmed Combat | |  0.5
Spellcasting   | |  4.9
Hexes          | |  0.3
Charms         | |  0.3
Summonings     | |  0.3
Necromancy     | |  0.3
Translocations | |  0.3
Transmutations | |  0.3
Fire Magic     | |  0.3
Ice Magic      | |  5.3
Air Magic      | |  0.3
Earth Magic    | |  0.3
Poison Magic   | |  0.3
Invocations    | |  0.6
Evocations     | |  0.5

Action                   || total
-------------------------++-------
Melee: Whip              ||     8
       Bite              ||     1
 Cast: Freeze            ||    22
 Stab: Sleeping          ||     2
Armor: Robe              ||     2
Dodge: Dodged            ||    26

Table legend:
 A = Spawn XP
 B = Non-spawn XP
 C = Spawn XP percentage of total XP
 D = Spawn monster count
 E = Non-spawn monster count
 F = Spawn count percentage of total count
 G = Total turns spent on level
                    A         B        C        D         E        F      G
               +---------+---------+-------+---------+---------+-------+---------
         Total |       0 |      31 |   0.0 |       0 |      17 |   0.0 |   269
               +---------+---------+-------+---------+---------+-------+---------
           D:1 |       0 |      28 |   0.0 |       0 |      15 |   0.0 |   249
           D:2 |       0 |       3 |   0.0 |       0 |       2 |   0.0 |    20
               +---------+---------+-------+---------+---------+-------+---------
